 Dungeon Crawl Stone Soup version 0.18.1-8-gdd0e5ea (webtiles) character file.

373288 st0uf the Bludgeoner (level 21, -19/286 HPs)
             Began as a Pale Draconian Berserker on May 16, 2016.
             Was a High Priest of Trog.
             Demolished by a phantasmal warrior (20 damage)
             ... summoned by a curse skull
             ... on level 2 of the Crypt on May 29, 2016.
             The game lasted 08:53:24 (65402 turns).

st0uf the Bludgeoner (Pale Draconian Berserker)    Turns: 65402, Time: 08:53:25

Health: -19/286    AC: 19    Str: 32    XL:     21   Next: 74%
Magic:  24/24      EV: 22    Int:  5    God:    Trog [*****.]
Gold:   3591       SH: 30    Dex: 15    Spells: 0 memorised, 20 levels left

rFire  + + +     SeeInvis .     I - +2 mace (holy)
rCold  + + +     Gourm    .     (armour unavailable)
rNeg   + + +     Faith    .     P - +8 large shield {reflect}
rPois  +         Spirit   .     O - +2 hat of Zin {rF++ rC+ rN+}
rElec  .         Dismiss  .     F - +2 cloak {+Inv}
rCorr  .         Reflect  +     H - +1 pair of gloves {archery}
SustAt .         Harm     .     D - +0 pair of boots
MR     +....                    J - amulet of regeneration
Stlth  ..........               Z - ring of Wuequeli {rF+ rC+++ rN+ MR+ Int-3}
                                o - ring of positive energy

@: berserking, vulnerable, very quick, somewhat resistant to hostile
enchantments, extremely unstealthy
A: breathe steam, unfitting armour, talons 1, agile 1, low mp 1, magic
resistance 1, sense surroundings 1, poison resistance, cold-blooded, AC +11
a: Breathe Steam, Berserk, Trog's Hand, Brothers in Arms, Burn Spellbooks,
Renounce Religion, Evoke Invisibility
}: 2/15 runes: decaying, gossamer


You were on level 2 of the Crypt.
You worshipped Trog.
Trog was extremely pleased with you.
You were not hungry.

You visited 9 branches of the dungeon, and saw 44 of its levels.
You also visited: Ice Cave.

You collected 5131 gold pieces.
You spent 1540 gold pieces at shops.

Inventory:

Hand Weapons
 h - the +1 eveningstar of Demp {crush, Int+5 SInv}
   (You acquired it on level 1 of the Lair of Beasts)

   It inflicts extra damage upon your enemies.
   It affects your intelligence (+5).
   It lets you see invisible.
 B - a +7 eveningstar of crushing
 I - a +2 mace of holy wrath (weapon)
Missiles
 a - 15 poisoned javelins (quivered)
 y - 6 javelins of penetration
 X - 15 steel javelins
Armour
 D - a +0 pair of boots (worn)
 F - a +2 cloak of invisibility (worn)
 H - a +1 pair of gloves of archery (worn)
 O - the +2 hat of Zin (worn) {rF++ rC+ rN+}
   (You found it on level 3 of the Vaults)

   It greatly protects you from fire.
   It protects you from cold.
   It protects you from negative energy.
 P - a +8 large shield of reflection (worn)
Rods
 p - a +9 rod of ignition (9/9)
   (You took it off a deep elf mage on level 2 of the Elven Halls)
Jewellery
 e - an uncursed amulet of guardian spirit
 o - a ring of positive energy (left hand)
 J - an amulet of regeneration (around neck)
 N - an uncursed ring of protection from magic
 S - a +4 amulet of reflection
 V - an uncursed ring of resist corrosion
 Z - the ring of Wuequeli (right hand) {rF+ rC+++ rN+ MR+ Int-3}
   (You took it off a deep elf mage on level 2 of the Elven Halls)

   [ring of protection from fire]

   It affects your intelligence (-3).
   It protects you from fire.
   It renders you almost immune to cold.
   It protects you from negative energy.
   It affects your resistance to hostile enchantments.
Wands
 f - a wand of digging (12/24)
 k - a wand of confusion (27/48)
 t - a wand of hasting (4/9)
 R - a wand of heal wounds (7/9)
Scrolls
 d - 17 scrolls of teleportation
 i - a scroll of summoning
 j - 8 scrolls of identify
 m - 11 scrolls of remove curse
 n - 9 scrolls of blinking
 v - 8 scrolls of magic mapping
 z - a scroll of fear
 K - 5 scrolls of fog
 L - 2 scrolls of recharging
Potions
 c - 10 potions of curing
 g - 9 potions of might
 l - 6 potions of flight
 q - 3 potions of invisibility
 u - 3 potions of cure mutation
 w - 3 potions of heal wounds
 G - 5 potions of agility
 M - 3 potions of haste
 W - 6 potions of cancellation
Comestibles
 b - 15 bread rations


   Skills:
 + Level 17.1 Fighting
 - Level 19.0 Maces & Flails
 + Level 13.5 Throwing
 + Level 18.4 Dodging
 - Level 10.6 Stealth
 + Level 14.0 Shields
 + Level 8.7 Evocations


You had 20 spell levels left.
You didn't know any spells.

Dungeon Overview and Level Annotations

Branches:
Dungeon (15/15)            Temple (1/1) D:5            Lair (8/8) D:9
  Swamp (4/4) Lair:4       Spider (4/4) Lair:5        Slime (0/6) Lair:8
    Orc (2/2) D:12            Elf (3/3) Orc:2        Vaults (5/5) D:14
  Crypt (2/3) Vaults:3     Depths (0/5) D:15

Altars:
Ashenzari
Cheibriados
Dithmenos
Elyvilon
Gozag
Kikubaaqudgha
Makhleb
Okawaru
Ru
Sif Muna
Trog
Vehumet
Xom
Yredelemnul
Zin
The Shining One
Beogh

Shops:
D:5 }!   D:12 *   Orc:2 [!}!   Elf:1 [   Elf:3 !   Vaults:1 [?

Annotations:
Vaults:5 Wiglaf


Innate Abilities, Weirdness & Mutations

You can breathe blasts of scalding, opaque steam.
Your pale cyan-grey scales are hard (AC +11).
Your body does not fit into most forms of armour.
You are cold-blooded and may be slowed by cold attacks.
You have sharp toenails.
You are agile. (Dex +2)
Your magical capacity is low (-10% MP).
You are resistant to hostile enchantments.
You passively map a small area around you.
Your system is resistant to poisons.


Message History

The lost soul sacrifices itself to reknit the curse skull!
You block the jiangshi's attack. x3; The jiangshi claws you!!
* * * LOW HITPOINT WARNING * * *
You block the jiangshi's attack. The jiangshi misses you.
The phantasmal warrior hits you!!
* * * LOW HITPOINT WARNING * * *
You hit the curse skull but do no damage.
Your tail-slap misses the curse skull.
The phantasmal warrior misses you.
You block the phantasmal warrior's attack.
You block the jiangshi's attack. The jiangshi closely misses you.
You sock the curse skull!
The curse skull convulses!!
The curse skull is severely damaged.
You block the jiangshi's attack. The jiangshi claws you.
* * * LOW HITPOINT WARNING * * *
The phantasmal warrior barely misses you.
You hit the curse skull but do no damage.
You tail-slap the curse skull!
The curse skull is almost destroyed.
The phantasmal warrior hits you!!
You die...

, , , #.# ** #.# #.# #.#
####### #.###** * ######
#.....# #..., ......
#.....# ##V## #######
######.....###W@z#... ,
.......
#....'.......'WVWM.....
.......
##'####.....###.Z{#.####
#######
.....##.....###...# #
....^##......######...#
.....#####...# #...#
##### .....#
#...######...### #...#
.....# #<.............#
#...# .....#
#...######.# #.# #...#


You could see 2 jiangshi, a curse skull, 3 phantasmal warriors, a spectral
shadow dragon and a mummy.

Vanquished Creatures
  An ancient lich (Crypt:1)
  Saint Roka (Elf:3)
  2 tentacled monstrosities
  Rupert (D:12)
  3 deep elf blademasters
  An ancient champion (Crypt:1)
  3 revenants
  2 fire giants
  2 deep elf sorcerers
  Maud (Lair:6)
  5 ghost moths
  Donald (Spider:2)
  Aizul (Swamp:4)
  6 vault wardens
  8 emperor scorpions
  A curse skull (Crypt:2)
  5 ghouls
  3 deep elf elementalists (Elf:3)
  A very ugly thing (Vaults:3)
  7 ironheart preservers
  10 stone giants
  5 vampire knights (Crypt:1)
  7 deep elf demonologists
  A salamander stormcaller (Vaults:2)
  5 deep elf annihilators
  2 spark wasps (Spider:3)
  A dire elephant (shapeshifter) (Vaults:2)
  2 ettins
  An eidolon (Crypt:2)
  3 vault guards
  6 fire dragons
  9 yaktaur captains
  4 jiangshi
  3 deep elf high priests (Elf:3)
  An ice dragon (Vaults:2)
  15 deep elf death magi
  2 ghost crabs (Swamp:4)
  22 hydras
  6 centaur warriors
  A catoblepas (Lair:8)
  2 tengu warriors (D:15)
  3 death knights
  18 ogre magi
  A deep troll earth mage (Vaults:4)
  A deep troll shaman (Vaults:4)
  A queen ant (shapeshifter) (Elf:2)
  24 dancing weapons
  8 alligators
  An orc high priest (Elf:1)
  12 spriggans
  19 deep elf knights
  3 vampire magi
  A large abomination (Elf:3)
  Sonja (D:14)
  2 fire crabs (Vaults:1)
  2 shadow wraiths
  5 spriggan druids
  24 skeletal warriors
  3 flayed ghosts
  3 unseen horrors
  12 deep elf archers
  4 swamp dragons
  A shambling mangrove (Swamp:4)
  4 deep trolls
  10 hill giants
  3 necromancers
  4 phantasmal warriors
  A lindwurm (Swamp:4)
  24 orb spiders
  14 orc knights
  A harpy (shapeshifter) (Vaults:2)
  11 ironbrand convokers
  A mana viper (shapeshifter) (Vaults:2)
  20 ugly things
  6 orc sorcerers
  56 deep elf magi
  A tengu skeleton (Vaults:3)
  38 wolf spiders
  An oklob plant (Lair:2)
  A griffon (Vaults:2)
  11 cyclopes
  2 wizards
  A sphinx skeleton (Vaults:2)
  A moth of wrath (Spider:3)
  7 hornets
  An elephant (shapeshifter) (Vaults:4)
  Maurice (Orc:2)
  8 vault sentinels
  5 black mambas
  5 human skeletons
  2 molten gargoyles (Swamp:4)
  An ice statue (IceCv)
  A gargoyle (D:13)
  20 spiny frogs
  Psyche (D:9)
  2 torpor snails
  A yaktaur zombie (Vaults:2)
  3 rime drakes
  25 yaktaurs
  A yellow draconian zombie (Crypt:2)
  A kobold demonologist (Vaults:3)
  8 komodo dragons
  15 demonic crawlers
  A yaktaur (shapeshifter) (Vaults:2)
  6 freezing wraiths
  5 ice devils (IceCv)
  A catoblepas skeleton (Crypt:1)
  11 trolls
  3 tengu conjurers (D:15)
  2 white draconian skeletons (Crypt:1)
  13 polar bears
  An iron troll skeleton (Crypt:2)
  A sphinx simulacrum (Vaults:2)
  16 giant leeches
  53 jumping spiders
  A harpy skeleton (D:15)
  A wolf spider simulacrum (IceCv)
  8 boulder beetles
  26 slime creatures
  9 bog bodies
  14 two-headed ogres
  4 raiju (Lair:8)
  9 blink frogs (Lair:6)
  A fire giant simulacrum (Vaults:3)
  66 redbacks
  5 air elementals
  40 yaks
  14 wraiths
  4 dire elephant simulacra (IceCv)
  41 tarantellas
  2 water elementals
  2 basilisks
  5 wyverns
  3 fire elementals
  10 hippogriffs
  A steam dragon (Lair:3)
  20 wargs
  10 vampire mosquitoes
  15 swamp worms
  A harpy simulacrum (IceCv)
  6 mottled dragons
  11 insubstantial wisps
  16 water moccasins
  17 porcupines
  A torturous demonspawn skeleton (Crypt:2)
  6 hell hounds (Lair:8)
  15 black bears
  An ettin simulacrum (IceCv)
  11 swamp drakes
  2 ice beasts (D:12)
  31 orc warriors
  3 sky beasts
  A blink frog zombie (Crypt:2)
  12 wasps
  An eye of draining (D:15)
  18 wolves
  64 ogres
  A phantom (D:8)
  4 necrophages
  10 centaurs
  20 crocodiles
  A manticore skeleton (Crypt:2)
  A swamp dragon skeleton (Crypt:1)
  A big kobold (D:9)
  A hog skeleton (Crypt:2)
  15 giant frogs
  2 human zombies
  2 wyvern zombies
  3 earth elementals
  A glowing shapeshifter simulacrum (Vaults:2)
  A cyclops skeleton (Crypt:1)
  8 scorpions
  21 killer bees
  A polar bear skeleton (Crypt:2)
  6 electric eels
  10 wights
  11 howler monkeys
  8 crimson imps
  5 centaur zombies
  2 draconian simulacra (IceCv)
  A black bear zombie (Crypt:1)
  6 jellies
  2 giant frog zombies
  18 hounds
  4 centaur skeletons
  4 giant frog skeletons
  25 orc priests
  A quasit (D:7)
  18 iguanas
  44 orc wizards
  2 troll simulacra (IceCv)
  14 worker ants
  A spriggan simulacrum (IceCv)
  2 wolf simulacra (IceCv)
  15 sheep
  A centaur simulacrum (IceCv)
  2 hound zombies
  2 worker ant zombies
  A howler monkey skeleton (D:9)
  13 adders
  55 river rats
  A naga simulacrum (IceCv)
  2 ogre simulacra (IceCv)
  8 shadow imps
  4 white imps (IceCv)
  7 ufetubi (IceCv)
  2 oozes
  3 adder zombies
  A halfling zombie (Crypt:1)
  3 adder skeletons
  A worm (D:2)
  3 dart slugs
  13 giant geckos
  131 orcs
  3 ball pythons
  6 bats
  A giant cockroach (D:2)
  11 goblins
  2 hobgoblins
  7 jackals
  9 quokkas
  A ball python zombie (Crypt:2)
  16 giant newts
  A kobold (D:3)
  A quokka zombie (D:5)
  7 rats
  A crawling corpse (Elf:3)
  2 fungi (Lair:2)
  A lost soul (Crypt:2)
  3 plants
1889 creatures vanquished.

Vanquished Creatures (collateral kills)
  Asterion (Spider:3)
  Frances (Swamp:2)
  A vault warden (Vaults:2)
  A ghoul (Crypt:1)
  A fire dragon (Swamp:4)
  A hydra (Swamp:4)
  2 alligators
  A death knight (Vaults:2)
  2 swamp dragons (Swamp:4)
  A deep elf archer (Vaults:2)
  An ironbrand convoker (Vaults:2)
  3 orc knights
  A cyclops (Vaults:2)
  A vault sentinel (Vaults:2)
  4 yaktaurs (Vaults:2)
  A freezing wraith (Crypt:1)
  A boulder beetle (Vaults:1)
  A vampire mosquito (Swamp:3)
  5 wargs (D:7)
  A hydra simulacrum (IceCv)
  An ettin simulacrum (IceCv)
  A necrophage (Crypt:1)
  3 centaurs (Vaults:2)
  A draconian simulacrum (IceCv)
  2 orc wizards (D:7)
  2 orcs (D:7)
41 creatures vanquished.

Vanquished Creatures (others)
  2 deep elf master archers (Elf:3)
  A deep elf elementalist (Elf:3)
  Josephine (Lair:4)
  A hydra (Swamp:4)
  An ogre mage (Vaults:1)
  2 deep elf knights (Elf:2)
  A spriggan druid (Swamp:4)
  A deep elf archer (Elf:2)
  3 swamp dragons (Swamp:4)
  2 lindwurms (Swamp:4)
  A deep elf mage (Elf:2)
  2 redbacks (Spider:1)
  2 steam dragons (Swamp:4)
  A mottled dragon (Swamp:4)
  3 swamp drakes (Swamp:4)
  An orc wizard (Vaults:3)
  2 orcs
  10 fungi
  2 lost souls
  15 plants
54 creatures vanquished.

Grand Total: 1984 creatures vanquished

Notes
Turn   | Place    | Note
--------------------------------------------------------------
     0 | D:1      | st0uf the Draconian Berserker began the quest for the Orb.
     0 | D:1      | Reached XP level 1. HP: 19/19 MP: 1/1
   178 | D:1      | Reached XP level 2. HP: 26/26 MP: 2/2
   956 | D:2      | Found a sacrificial altar of Ru.
   957 | D:2      | Found a bloodstained altar of Trog.
   961 | D:2      | Reached XP level 3. HP: 29/33 MP: 3/3
  1046 | D:2      | Found a shadowy altar of Dithmenos.
  1163 | D:2      | Found a glowing golden altar of the Shining One.
  1167 | D:2      | Found a snail-covered altar of Cheibriados.
  1241 | D:2      | Found a shattered altar of Ashenzari.
  1326 | D:2      | Found a white marble altar of Elyvilon.
  1418 | D:2      | Reached ** piety under Trog
  1573 | D:2      | Found a faded altar to an unknown god.
  1930 | D:3      | Reached skill level 4 in Maces & Flails
  1930 | D:3      | Reached skill level 1 in Stealth
  1930 | D:3      | Reached XP level 4. HP: 22/40 MP: 4/4
  2797 | D:4      | Reached XP level 5. HP: 34/46 MP: 5/5
  3056 | D:4      | Found a burning altar of Makhleb.
  3118 | D:4      | Noticed an ogre
  3125 | D:4      | Killed an ogre
  3171 | D:4      | Reached XP level 6. HP: 41/52 MP: 6/6
  3969 | D:5      | Entered Level 5 of the Dungeon
  4020 | D:5      | Reached skill level 5 in Maces & Flails
  4445 | D:5      | Reached skill level 5 in Dodging
  4526 | D:5      | Reached skill level 1 in Throwing
  4526 | D:5      | Your scales start taking on a pale cyan-grey colour.
  4526 | D:5      | Reached XP level 7. HP: 28/60 MP: 7/7
  4729 | D:5      | Reached *** piety under Trog
  4797 | D:5      | Found a staircase to the Ecumenical Temple.
  4803 | Temple   | Entered the Ecumenical Temple
  4883 | D:5      | Found Disilo's Gadget Emporium.
  5186 | D:5      | Found Zorabul's Distillery.
  5401 | D:6      | Reached skill level 5 in Fighting
  5401 | D:6      | Reached skill level 1 in Evocations
  5551 | D:6      | Reached XP level 8. HP: 68/68 MP: 7/9
  6016 | D:6      | Found a snail-covered altar of Cheibriados.
  6036 | D:6      | Reached **** piety under Trog
  6174 | D:6      | Reached skill level 6 in Maces & Flails
  6572 | D:7      | Reached XP level 9. HP: 75/75 MP: 11/11
  6607 | D:7      | Noticed an orc knight
  6648 | D:7      | Killed an orc knight
  6962 | D:7      | Noticed an orc sorcerer
  6971 | D:7      | Noticed an orange demon
  6980 | D:7      | Noticed a sixfirhy
  6983 | D:7      | Killed an orc sorcerer
  7431 | D:7      | Noticed an orc knight
  7441 | D:7      | Killed an orc knight
  7441 | D:7      | Reached skill level 7 in Maces & Flails
  7464 | D:7      | Reached skill level 5 in Evocations
  7929 | D:7      | Reached XP level 10. HP: 84/84 MP: 13/13
  8616 | D:7      | Reached ***** piety under Trog
  8828 | D:7      | Found a deep blue altar of Sif Muna.
  9828 | D:8      | Reached skill level 8 in Maces & Flails
 10353 | D:9      | Noticed Psyche
 10357 | D:9      | Killed Psyche
 10357 | D:9      | Reached skill level 5 in Stealth
 10429 | D:9      | Received a gift from Trog
 10773 | D:9      | Found a staircase to the Lair.
 11004 | D:9      | Reached XP level 11. HP: 94/94 MP: 16/16
 11272 | D:10     | Entered Level 10 of the Dungeon
 11334 | D:10     | Noticed an ogre mage
 11334 | D:10     | Noticed a hill giant
 12268 | D:10     | Killed a hill giant
 12268 | D:10     | Reached skill level 10 in Dodging
 12405 | D:10     | Killed an ogre mage
 12966 | Lair:1   | Entered Level 1 of the Lair of Beasts
 13310 | Lair:1   | Received a gift from Trog
 13310 | Lair:1   | Reached skill level 9 in Maces & Flails
 13509 | Lair:1   | Identified a scroll of acquirement
 13510 | Lair:1   | Got a smoking eveningstar
 13511 | Lair:1   | Identified the +1 eveningstar of Demp {crush, Int+5 SInv} (You acquired it on level 1 of the Lair of Beasts)
 13874 | D:5      | Bought a potion of beneficial mutation for 385 gold pieces
 13874 | D:5      | Bought a potion of lignification for 33 gold pieces
 13874 | D:5      | Bought a potion of mutation for 27 gold pieces
 13874 | D:5      | Gained mutation: Your system is resistant to poisons. [potion of beneficial mutation]
 13875 | D:5      | Gained mutation: You are agile. (Dex +2) [potion of beneficial mutation]
 15029 | Lair:2   | Reached skill level 1 in Shields
 15297 | Lair:2   | Found a sacrificial altar of Ru.
 15325 | Lair:2   | Noticed an eight-headed hydra
 15336 | Lair:2   | Noticed a five-headed hydra
 15353 | Lair:2   | Noticed an eight-headed hydra
 15356 | Lair:2   | Killed an eight-headed hydra
 15418 | Lair:2   | Killed an eight-headed hydra
 15418 | Lair:2   | Reached XP level 12. HP: 104/104 MP: 18/18
 15651 | Lair:2   | Killed a five-headed hydra
 15806 | Lair:2   | Found a shimmering altar of Xom.
 16061 | Lair:2   | Reached skill level 5 in Throwing
 16092 | Lair:2   | Noticed a six-headed hydra
 16104 | Lair:2   | Killed a six-headed hydra
 16436 | Lair:3   | Reached skill level 10 in Maces & Flails
 16464 | Lair:3   | Noticed a five-headed hydra
 16501 | Lair:3   | Killed a five-headed hydra
 17419 | Lair:4   | Found a staircase to the Swamp.
 17520 | Lair:4   | Noticed Josephine
 17553 | Lair:4   | Killed Josephine
 17579 | Lair:4   | Noticed a seven-headed hydra
 17590 | Lair:4   | Killed a seven-headed hydra
 17906 | Lair:4   | Received a gift from Trog
 18484 | Lair:4   | Reached XP level 13. HP: 108/113 MP: 19/19
 18908 | Lair:5   | Reached skill level 10 in Fighting
 18983 | Lair:5   | Found a hole to the Spider Nest.
 19300 | Lair:5   | Reached skill level 11 in Maces & Flails
 19677 | Lair:6   | Received a gift from Trog
 20440 | Lair:6   | Noticed Maud
 20470 | Lair:6   | Killed Maud
 21882 | Lair:7   | Received a gift from Trog
 21891 | Lair:8   | Entered Level 8 of the Lair of Beasts
 21943 | Lair:8   | Found a staircase to the Slime Pits.
 22154 | Lair:8   | Received a gift from Trog
 22767 | Lair:8   | Received a gift from Trog
 22798 | Lair:8   | Reached skill level 12 in Maces & Flails
 22801 | Lair:8   | Reached ****** piety under Trog
 22843 | Lair:8   | Reached XP level 14. HP: 82/124 MP: 20/20
 22845 | Lair:8   | Received a gift from Trog
 24717 | D:11     | Reached skill level 5 in Shields
 24780 | D:11     | Received a gift from Trog
 25388 | D:12     | Found a staircase to the Orcish Mines.
 25556 | Orc:1    | Entered Level 1 of the Orcish Mines
 26180 | Orc:2    | Entered Level 2 of the Orcish Mines
 26189 | Orc:2    | Noticed Maurice
 26199 | Orc:2    | Killed Maurice
 26350 | Orc:2    | Found a staircase to the Elven Halls.
 26358 | Orc:2    | Found a radiant altar of Vehumet.
 26450 | Orc:2    | Found Elut's Distillery.
 26482 | Orc:2    | Found a radiant altar of Vehumet.
 26483 | Orc:2    | Received a gift from Trog
 26582 | Orc:2    | Found Teniesme's Gadget Emporium.
 26595 | Orc:2    | Found an ancient bone altar of Kikubaaqudgha.
 26691 | Orc:2    | Found Wyskiy's Antique Armour Shoppe.
 26787 | Orc:2    | Found a roughly hewn altar of Beogh.
 26787 | Orc:2    | Found Asade's Distillery.
 27637 | D:12     | Found Xuarum's Serpentskin Sales.
 27787 | D:12     | Noticed Rupert
 27795 | D:12     | Killed Rupert
 28070 | D:12     | Received a gift from Trog
 28467 | D:13     | Reached skill level 13 in Maces & Flails
 28467 | D:13     | Reached XP level 15. HP: 133/133 MP: 21/21
 28597 | D:13     | Found a deep blue altar of Sif Muna.
 29335 | D:14     | Found a gate to the Vaults.
 29383 | D:14     | Noticed Sonja
 29384 | D:14     | Killed Sonja
 29543 | D:14     | Received a gift from Trog
 29695 | D:14     | Got a heavily runed cloak
 29696 | D:14     | Identified the cursed -3 cloak "Hasep" {rC+ rCorr Str-5 Int+2} (You found it on level 14 of the Dungeon)
 29997 | D:15     | Entered Level 15 of the Dungeon
 31317 | D:15     | Found a staircase to the Depths.
 31363 | D:15     | Upgraded the game from 0.18.1-6-gd335043 to 0.18.1-8-gdd0e5ea
 31618 | Spider:1 | Entered Level 1 of the Spider Nest
 31778 | Spider:1 | Received a gift from Trog
 32086 | Spider:1 | Reached skill level 14 in Maces & Flails
 32395 | Spider:1 | Gained mutation: You have sharp toenails. [potion of beneficial mutation]
 32482 | Spider:1 | Reached XP level 16. HP: 141/141 MP: 22/22
 32795 | Spider:1 | Received a gift from Trog
 34150 | Spider:1 | Received a gift from Trog
 34634 | Spider:3 | Reached skill level 15 in Dodging
 34929 | Spider:3 | Noticed Donald
 35976 | Spider:2 | Killed Donald
 36314 | Spider:3 | Noticed Asterion
 36415 | Spider:2 | Received a gift from Trog
 36733 | Spider:3 | Killed Asterion
 36836 | Spider:4 | Entered Level 4 of the Spider Nest
 37483 | Spider:3 | Received a gift from Trog
 37722 | Spider:4 | Reached XP level 17. HP: 127/151 MP: 23/23
 37986 | Spider:4 | Received a gift from Trog
 38053 | Spider:4 | Reached skill level 15 in Maces & Flails
 38191 | Spider:4 | Reached skill level 10 in Shields
 38626 | Spider:4 | Got a gossamer rune of Zot
 38945 | Swamp:1  | Entered Level 1 of the Swamp
 40030 | Swamp:2  | Received a gift from Trog
 40655 | Swamp:2  | Noticed Frances
 41398 | Swamp:2  | Killed Frances
 41920 | Swamp:3  | Found a frozen archway.
 41929 | IceCv    | Entered an ice cave
 42780 | IceCv    | Noticed an Ice Fiend
 43066 | Swamp:3  | Noticed a tentacled monstrosity
 43078 | Swamp:3  | Killed a tentacled monstrosity
 43627 | Swamp:4  | Entered Level 4 of the Swamp
 43989 | Swamp:4  | Received a gift from Trog
 44056 | Swamp:4  | Noticed Aizul
 44092 | Swamp:4  | Killed Aizul
 44674 | Swamp:4  | Reached XP level 18. HP: 122/161 MP: 21/24
 45318 | Swamp:4  | Got a decaying rune of Zot
 45967 | Vaults:1 | Entered Level 1 of the Vaults
 45998 | Vaults:1 | Received a gift from Trog
 46379 | Vaults:1 | Reached skill level 16 in Maces & Flails
 46576 | Vaults:1 | Found Jyid's Magic Scroll Boutique.
 46652 | Vaults:1 | Found Moczix's Antique Armour Boutique.
 46796 | Vaults:1 | Reached skill level 10 in Throwing
 46913 | Vaults:1 | Noticed a tentacled monstrosity
 47128 | Vaults:1 | Received a gift from Trog
 47201 | Vaults:1 | Received a gift from Trog
 47245 | Vaults:1 | Killed a tentacled monstrosity
 47696 | Vaults:1 | Bought a scroll of recharging for 190 gold pieces
 47696 | Vaults:1 | Bought a scroll of teleportation for 60 gold pieces
 47696 | Vaults:1 | Bought a scroll of teleportation for 60 gold pieces
 47696 | Vaults:1 | Bought a scroll of enchant weapon for 150 gold pieces
 47696 | Vaults:1 | Bought a scroll of identify for 40 gold pieces
 48568 | Vaults:1 | Reached skill level 15 in Fighting
 49085 | Vaults:2 | Received a gift from Trog
 49098 | Vaults:2 | Received a gift from Trog
 49564 | Vaults:2 | Reached XP level 19. HP: 118/170 MP: 20/25
 50063 | Vaults:2 | Received a gift from Trog
 51457 | Vaults:2 | Received a gift from Trog
 51485 | Vaults:2 | Reached skill level 17 in Maces & Flails
 51812 | Vaults:3 | Found a staircase to the Crypt.
 51812 | Vaults:3 | Found a basalt altar of Yredelemnul.
 51813 | Vaults:3 | Found an ancient bone altar of Kikubaaqudgha.
 51869 | Vaults:3 | Got a brightly glowing hat
 51870 | Vaults:3 | Identified the +2 hat of Zin {rF++ rC+ rN+} (You found it on level 3 of the Vaults)
 51988 | Vaults:3 | Received a gift from Trog
 52340 | Vaults:3 | Received a gift from Trog
 53834 | Vaults:3 | Received a gift from Trog
 54047 | Vaults:2 | Reached skill level 10 in Stealth
 54714 | Vaults:4 | Found a magical portal.
 54939 | Vaults:4 | HP: 12/258 [fire giant/fireball (7)]
 54945 | Vaults:4 | HP: 12/258 [fire giant/fireball (6)]
 54958 | Vaults:4 | Reached XP level 20. HP: 35/180 MP: 3/26
 54963 | Vaults:4 | HP: 3/180 [orc knight/dire flail (30)]
 55225 | Vaults:4 | Received a gift from Trog
 56258 | Vaults:5 | Entered Level 5 of the Vaults
 56258 | Vaults:5 | Noticed Wiglaf
 56359 | Crypt:1  | Entered Level 1 of the Crypt
 56384 | Crypt:1  | Noticed an ancient lich
 56425 | Crypt:1  | Killed an ancient lich
 56612 | Crypt:1  | Reached skill level 18 in Maces & Flails
 56978 | Crypt:1  | Paralysed by a vampire knight for 3 turns
 58298 | Elf:1    | Entered Level 1 of the Elven Halls
 58635 | Elf:1    | Received a gift from Trog
 58700 | Elf:1    | Identified the Collected Works on Conjuration
 58776 | Elf:1    | Found Tedumad's Antique Armour Emporium.
 59310 | Elf:2    | Received a gift from Trog
 59773 | Elf:2    | Found a runed gate.
 59773 | Elf:2    | Found a runed gate.
 59784 | Elf:2    | Found a runed gate.
 60383 | Elf:2    | Reached XP level 21. HP: 127/189 MP: 27/27
 60873 | Elf:3    | Entered Level 3 of the Elven Halls
 61031 | Elf:3    | Received a gift from Trog
 61101 | Elf:3    | Found Dopudin's Distillery.
 61266 | Elf:3    | Noticed Saint Roka
 61296 | Elf:3    | Killed Saint Roka
 62351 | Elf:2    | Got a crude copper ring
 62352 | Elf:2    | Identified the ring of Wuequeli {rF+ rC+++ rN+ MR+ Int-3} (You took it off a deep elf mage on level 2 of the Elven Halls)
 62800 | Elf:3    | Got a shimmering jade ring
 62801 | Elf:3    | Identified the cursed ring of Kimionar {rC- rN++ AC-3} (You took it off a deep elf knight on level 3 of the Elven Halls)
 62811 | Elf:3    | Gained mutation: You are resistant to hostile enchantments. [potion of beneficial mutation]
 62859 | Elf:3    | Gained mutation: Your magical capacity is low (-10% MP). [a neqoxec]
 62937 | Elf:3    | Reached skill level 19 in Maces & Flails
 64050 | Elf:3    | Bought a potion of beneficial mutation for 595 gold pieces
 64050 | Elf:3    | Gained mutation: You passively map a small area around you. [potion of beneficial mutation]
 64598 | Crypt:2  | Found a basalt altar of Yredelemnul.
 65399 | Crypt:2  | HP: 2/286 [phantasmal warrior[a curse skull] (22)]
 65402 | Crypt:2  | Demolished by a phantasmal warrior

Skill      XL: |  1  2  3  4  5  6  7  8  9 10 11 12 13 14 15 16 17 18 19 20 21 |
---------------+----------------------------------------------------------------+-----
Dodging        | 3 4 5 6 7 8 9 11 12 13 14 15 16 17 18 | 18.4
Maces & Flails | 4 5 6 7 8 9 10 12 13 14 15 16 17 18 19 | 19.0
Stealth        | 1 2 3 4 5 6 7 8 9 10 | 10.6
Fighting       | 4 5 6 7 9 11 12 13 14 15 16 17 | 17.1
Throwing       | 1 2 3 4 6 7 8 9 10 11 12 13 | 13.5
Evocations     | 1 3 5 6 8 |  8.7
Shields        | 1 2 4 6 8 9 10 11 12 13 14 | 14.0

Action                   |  1- 3 |  4- 6 |  7- 9 | 10-12 | 13-15 | 16-18 | 19-21 || total
-------------------------+-------+-------+-------+-------+-------+-------+-------++-------
Melee: Mace              |    99 |   136 |   339 |    54 |       |       |   260 ||   888
       Tailslap          |     8 |    26 |    55 |   137 |   319 |   416 |   345 ||  1306
       Whip              |       |       |       |   532 |   137 |    60 |       ||   729
       Eveningstar       |       |       |       |   171 |  1295 |  1648 |   909 ||  4023
       Demon whip        |       |       |       |       |       |   214 |   399 ||   613
Throw: Stone             |     8 |     1 |    11 |    76 |    65 |    17 |    89 ||   267
       Tomahawk          |       |     9 |     4 |    63 |   169 |   432 |    84 ||   761
       Javelin           |       |       |       |       |       |    45 |   329 ||   374
Invok: Berserk           |     1 |     2 |     5 |     3 |     3 |     9 |     5 ||    28
       Brothers in Arms  |       |       |     3 |       |       |     7 |     1 ||    11
       Trog's Hand       |       |       |     1 |     1 |       |     3 |     4 ||     9
       Burn Spellbooks   |       |       |       |       |       |       |     1 ||     1
 Abil: Breathe Steam     |       |       |    31 |   113 |   132 |    12 |    54 ||   342
       Evoke Invisibilit |       |       |     2 |     1 |       |     2 |     2 ||     7
Evoke: Wand              |       |       |       |       |     2 |    10 |     1 ||    13
       Sack of spiders   |       |       |       |       |       |     2 |       ||     2
  Use: Scroll            |       |       |       |    29 |     8 |    20 |    21 ||    78
       Potion            |       |       |       |     2 |     3 |     3 |    10 ||    18
 Stab: Sleeping          |     3 |     1 |     2 |    14 |    32 |    14 |    24 ||    90
       Invisible         |       |       |     1 |       |       |    15 |     7 ||    23
       Distracted        |       |       |       |     1 |     6 |     6 |     1 ||    14
  Eat: Chunk             |     3 |     8 |    22 |    46 |    59 |    54 |    29 ||   221
       Fruit             |       |     3 |       |     5 |       |     3 |     4 ||    15
       Meat ration       |       |       |       |       |     1 |       |     3 ||     4
       Pizza             |       |       |       |       |       |     2 |     2 ||     4
       Bread ration      |       |       |       |       |       |     2 |     2 ||     4
       Beef jerky        |       |       |       |       |       |     1 |     3 ||     4
       Royal jelly       |       |       |       |       |       |       |     1 ||     1
Armor: Skin              |    19 |    32 |   100 |   139 |   230 |   352 |   123 ||   995
Dodge: Dodged            |    59 |    84 |   249 |   495 |   859 |  1401 |   512 ||  3659
Block: Buckler           |       |       |       |    78 |   112 |       |       ||   190
       Shield            |       |       |       |       |   527 |  1343 |   512 ||  2382
       Reflection        |       |       |       |       |       |       |    65 ||    65
       Large shield      |       |       |       |       |       |       |   299 ||   299
